cohdb
Replays
Latest Replays
All Replays
Popular Replays
Top Player Replays
Match Explorer
How It Works
Community
CoH3 Stats
Reddit
Sign in to upload your games and track your stats! →
Sign in with Steam
Match 40925630
Unlisted
Match 40925630
Overview
Messages
Build Orders
End
Construct Infanterie Kompanie
Selects Terror Battlegroup
MG 42 Machine Gun Team
Grenadier Squad
GrW 34 Mortar Team
Selects Machine Gun Camouflage
Grenadier Squad
Infanterie Officer Quarters
Grenadier Squad
Construct Panzergrenadier Kompanie
Grenadier Squad
Selects Contempt for the Weak
MG 42 Machine Gun Team
Construct Panzer Kompanie
Selects Jericho Trumpet
Stoßtruppen Squad
Jericho Trumpet
Phan
shadow 2
cumsader
STALKER4732
StriderRx
Apophis
0
0
Comments
sign in to comment!
No comments posted yet!